 Dungeon Crawl Stone Soup version 0.28-a0-1415-g7c84da036a (webtiles) character file.

Game seed: 15585005982229737457

174948 sanka the Basher (level 18, -3/145 HPs)
             Began as a Gnoll Cinder Acolyte on Jan 7, 2022.
             Was a Follower of Vehumet.
             Slain by an entropy weaver (7 damage)
             ... on level 4 of the Spider Nest.
             The game lasted 01:45:09 (44898 turns).

sanka the Basher (Gnoll Cinder Acolyte)            Turns: 44898, Time: 01:45:10

Health: -3/145     AC:  6    Str: 15    XL:     18   Next: 8%
Magic:  34/34      EV: 16    Int: 17    God:    Vehumet [*.....]
Gold:   2443       SH:  0    Dex: 11    Spells: 15/41 levels left

rFire   . . .      SeeInvis .   a - +6 demon whip (elec)
rCold   . . .      Faith    .   R - +0 kite shield
rNeg    . . .      Spirit   .   N - +2 troll leather armour {Snorg}
rPois   .          Reflect  +   b - +2 hat
rElec   .          Harm     .   g - +2 cloak {rF+}
rCorr   .          Rampage  .   i - +2 pair of gloves {infuse}
Will    +....                   U - +0 pair of boots
Stlth   +++++.....              f - amulet of reflection
HPRegen 1.14/turn               G - +4 ring of evasion
MPRegen 0.24/turn               P - +4 ring of evasion

@: corroded, held, fire susceptible
A: fangs 1, strong nose, distributed training
a: Renounce Religion


You were on level 4 of the Spider Nest.
You worshipped Vehumet.
Vehumet was aware of your devotion.
You visited 5 branches of the dungeon, and saw 28 of its levels.
You also visited: Sewer and Volcano.

You collected 2910 gold pieces.
You spent 467 gold pieces at shops.


Innate Abilities, Weirdness & Mutations

You have very sharp teeth.
Your uncanny sense of smell can sniff out nearby items.
Your experience applies equally to all skills.


   Skills:
 + Level 13.6 Fighting
 + Level 12.1 Short Blades
 + Level 12.1 Long Blades
 + Level 12.1 Axes
 + Level 13.6 Maces & Flails
 + Level 12.1 Polearms
 + Level 12.1 Staves
 + Level 12.1 Slings
 + Level 12.1 Bows
 + Level 12.1 Crossbows
 + Level 12.1 Throwing
 + Level 12.1 Armour
 + Level 12.1 Dodging
 + Level 12.1 Stealth
 + Level 12.1 Shields
 + Level 12.1 Unarmed Combat
 + Level 12.4 Spellcasting
 + Level 10.2 Conjurations
 + Level 10.2 Hexes
 + Level 10.2 Summonings
 + Level 10.2 Necromancy
 + Level 10.2 Translocations
 + Level 10.2 Transmutations
 + Level 11.6 Fire Magic
 + Level 10.2 Ice Magic
 + Level 10.2 Air Magic
 + Level 10.2 Earth Magic
 + Level 10.2 Poison Magic
 + Level 13.1 Invocations
 + Level 12.1 Evocations


You had 15 spell levels left.
You knew the following spells:

 Your Spells              Type           Power      Damage    Failure   Level
i - Borgnjor's Vile Clut  Necr/Erth      22%        N/A       6%          5
o - Flame Wave            Conj/Fire      47%        2d8       1%          4
s - Swiftness             Air            45%        N/A       1%          3
u - Frozen Ramparts       Ice            90%        1d11      1%          3
y - Scorch                Fire           100%       2d10      1%          2
z - Sticky Flame          Conj/Fire      47%        2d6       1%          4
N - Passwall              Tmut/Erth      37%        N/A       1%          2
Z - Conjure Flame         Conj/Fire      47%        6-21      1%          3

Your spell library contained the following spells:

 Spells                   Type           Power      Damage    Failure   Level
 Shock                    Conj/Air       100%       1d9       1%          1
 Animate Skeleton         Necr           90%        N/A       1%          1
 Freeze                   Ice            100%       1d11      1%          1
 Magic Dart               Conj           100%       1d8       1%          1
 Pain                     Necr           100%       1d9       1%          1
 Call Imp                 Summ           45%        N/A       1%          2
 Ensorcelled Hibernation  Hex/Ice        90%        N/A       1%          2
 Dazzling Flash           Conj/Hex       90%        N/A       1%          3
 Gell's Gravitas          Tloc           45%        N/A       1%          3
 Ignite Poison            Fire/Tmut/Pois 47%        N/A       1%          3
 Mephitic Cloud           Conj/Pois/Air  45%        N/A       1%          3
 Spider Form              Tmut/Pois      45%        N/A       1%          3
 Vampiric Draining        Necr           45%        2d9       1%          3
 Ice Form                 Ice/Tmut       45%        N/A       2%          4
 Iskenderun's Mystic Bla  Conj/Tloc      45%        2d10      2%          4
 Summon Ice Beast         Ice/Summ       45%        N/A       2%          4
 Alistair's Intoxication  Tmut/Pois      30%        N/A       6%          5
 Iskenderun's Battlesphe  Conj           45%        2d10      6%          5
 Starburst                Conj/Fire      23%        6d8       26%         6
 Eringya's Noxious Bog    Tmut/Pois      22%        N/A       34%         6
 Iron Shot                Conj/Erth      22%        9d5       34%         6
 Summon Cactus Giant      Summ           22%        N/A       34%         6
 Malign Gateway           Summ/Tloc      22%        N/A       89%         7
 Spellforged Servitor     Conj/Summ      22%        N/A       89%         7
 Disjunction              Tloc           22%        N/A       100%        8
 Fire Storm               Conj/Fire      23%        8d6       100%        9
 Polar Vortex             Ice            22%        N/A       100%        9

Inventory:

Hand Weapons
 a - a +6 demon whip of electrocution (weapon)
 O - a +1 dagger of distortion
Missiles
 d - 4 throwing nets {=f}
 I - 3 curare-tipped darts {=f}
Armour
 b - a +2 hat (worn)
 g - a +2 cloak of fire resistance (worn)
 i - a +2 pair of gloves of infusion (worn)
 D - a +2 robe of resistance
 N - a +2 troll leather armour (worn) {Snorg}
 R - a +0 kite shield (worn)
 U - a +0 pair of boots (worn)
Jewellery
 f - an amulet of reflection (around neck)
 l - a ring of willpower
 C - a ring of poison resistance
 E - a ring of ice
 G - a +4 ring of evasion (left hand)
 L - a +6 ring of intelligence
 P - a +4 ring of evasion (right hand)
 Q - a ring of resist corrosion
 Y - the ring "Maget" {rPois rF+ Will+ Int-3}

   [ring of willpower]

   Int:       It affects your intelligence (-3).
   rF:        It protects you from fire.
   rPois:     It protects you from poison.
   Will:      It increases your willpower.
 Z - the ring "Josat" {rF+ Stlth+}

   [ring of protection from fire]

   rF:        It protects you from fire.
   Stlth:     It makes you more stealthy.
Wands
 H - a wand of paralysis (11)
 K - a wand of charming (6)
 T - a wand of iceblast (8)
Scrolls
 e - a scroll of summoning
 j - a scroll of silence {!r}
 n - 2 scrolls of fear
 o - a scroll of enchant armour
 p - 4 scrolls of immolation {!r}
 q - 5 scrolls of magic mapping
 t - 8 scrolls of vulnerability {!r}
 w - 3 scrolls of fog
 z - 12 scrolls of teleportation {@r4}
 A - 2 scrolls of identify {@r1}
 F - 6 scrolls of blinking
 J - 4 scrolls of amnesia
 S - a scroll of brand weapon
Potions
 h - 5 potions of attraction {!q}
 k - 3 potions of berserk rage {!q}
 m - 2 potions of cancellation
 r - 8 potions of mutation {!q}
 s - 2 potions of curing {@q1}
 v - 2 potions of might
 x - 6 potions of ambrosia
 B - 3 potions of haste {@q3}
 V - a potion of resistance
 X - 4 potions of flight
Miscellaneous
 c - a condenser vane
 u - a phantom mirror
 y - a lightning rod (2/4)
 M - a phial of floods
 W - a tin of tremorstones (2/2)

Dungeon Overview and Level Annotations

Branches:
Dungeon (15/15)            Temple (1/1) D:5            Lair (6/6) D:11
  Swamp (0/4) Lair:4       Spider (4/4) Lair:3        Slime (0/5) Lair:5
    Orc (2/2) D:11            Elf (0/3) Orc:2        Vaults (0/5) D:13
 Depths (0/4) D:15          Sewer (visited)         Volcano (visited)

Altars:
Ashenzari
Cheibriados
Dithmenos
Elyvilon
Fedhas
Gozag
Hepliaklqana
Kikubaaqudgha
Makhleb
Nemelex Xobeh
Okawaru
Qazlal
Ru
Sif Muna
Trog
Uskayaw
Vehumet
Wu Jian
Xom
Yredelemnul
Zin
The Shining One
Beogh
Jiyva
Lugonu

Shops:
D:3 (   D:7 ?   D:11 :   Orc:1 [   Orc:2 (:[(:

Portals:
Abyss: D:13 Lair:6
Trove: D:13 (give 2 scrolls of acquirement)

Annotations:
D:13 2 transporters, Deplih's ghost, journeyman MiCK
Lair:5 1 runed translucent door
Spider:3 Roxanne

.^.......▒
.....☼...▒
▒▒▒......▒
▒▒.....▒
▒.....▒
∆▒▒....▒
▒▒^..▒
▒▒sB▒ ▒▒g▒
∆ ▒▒▒


You could see an entropy weaver and a jumping spider.


Message History

The entropy weaver hits you.
* * * LOW HITPOINT WARNING * * *
The entropy weaver misses you.
Unknown command.
Unknown command.
You struggle to detach yourself from the web.
The jumping spider leaps!
The entropy weaver barely misses you. The entropy weaver hits you!
* * * LOW HITPOINT WARNING * * *
The entropy weaver barely misses you. The entropy weaver closely misses you.
Unknown command.
Unknown command.
You struggle to detach yourself from the web.
The entropy weaver hits you but does no damage.
The entropy weaver hits you!
* * * LOW HITPOINT WARNING * * *
The entropy weaver hits you.
* * * LOW HITPOINT WARNING * * *
The entropy weaver hits you!
* * * LOW HITPOINT WARNING * * *
The jumping spider leaps!
Unknown command.
You are too confused!
You feel less invigorated. The entropy weaver hits you.
* * * LOW HITPOINT WARNING * * *
The entropy weaver hits you!
You die...

Action                   |  1- 3 |  4- 6 |  7- 9 | 10-12 | 13-15 | 16-18 || total
-------------------------+-------+-------+-------+-------+-------+-------++-------
Melee: Mace              |    72 |    68 |    52 |       |       |       ||   192
       Bite              |    10 |     5 |    17 |    64 |   205 |   176 ||   477
       Punch             |     1 |     2 |     7 |    16 |       |       ||    26
       Demon whip        |       |       |   115 |   415 |  1524 |  1102 ||  3156
Throw: Dart              |       |       |       |     1 |       |       ||     1
 Cast: Scorch            |     8 |    31 |   132 |    49 |     4 |       ||   224
       Sticky Flame      |       |       |     5 |    79 |   173 |    99 ||   356
       Flame Wave        |       |       |       |       |     1 |    33 ||    34
       Frozen Ramparts   |       |       |       |       |       |    25 ||    25
       Borgnjor's Vile C |       |       |       |       |       |     1 ||     1
Invok: Foxfire Swarm     |       |       |       |     2 |     1 |     1 ||     4
       Fiery Armour      |       |       |       |     1 |     2 |     1 ||     4
Evoke: Wand              |       |       |       |       |     4 |     6 ||    10
       Tin of tremorston |       |       |       |       |     1 |       ||     1
       Lightning rod     |       |       |       |       |       |     2 ||     2
  Use: Scroll            |       |       |     9 |     7 |     9 |     9 ||    34
       Potion            |       |       |       |       |     2 |    15 ||    17
 Stab: Sleeping          |       |     2 |     2 |     6 |    19 |     7 ||    36
       Distracted        |       |       |       |       |     2 |       ||     2
       Petrifying        |       |       |       |       |     1 |       ||     1
       Petrified         |       |       |       |       |     1 |       ||     1
Armor: Robe              |    24 |     8 |    28 |       |       |       ||    60
       Steam dragon scal |       |       |    12 |    19 |       |       ||    31
       Troll leather arm |       |       |       |    67 |   260 |   307 ||   634
Dodge: Dodged            |    53 |    36 |   125 |   299 |   847 |   945 ||  2305
Block: Other             |       |     8 |    63 |    48 |       |       ||   119
       Reflection        |       |     1 |     2 |     2 |    17 |    12 ||    34
       Buckler           |       |       |       |    81 |   644 |   179 ||   904
       Kite shield       |       |       |       |       |       |   711 ||   711

Levels and vault maps discovered:
D:1:      lightli_arrival_maybe_door_vault, layout_loops_cross, hex_medium,
          kennysheep_small_spiral
D:2:      layout_basic, minmay_shallow_snake_nest
D:3:      layout_basic, nicolae_ashenzari_skybound,
          hellmonk_ecumenical_altar_lost_god, serial_shops,
          nicolae_shop_competitors_out_of_business, columned_hall_lemuel,
          uniq_ijyb
D:4:      layout_basic, marbit_many_paths, nemelex_altar_shiori,
          dk_rats_in_the_wall, uniq_sigmund
D:5:      layout_cave_pods, lemuel_temple_firewalk_a, gup_sewer_entry_spiral,
          minivault_11
D:6:      layout_basic, kennysheep_cluttered_room, st_stairs_5,
          uniq_prince_ribbit1
D:7:      layout_loops_ring, mainiacjoe_overflow_cross_hatched,
          nicolae_hepliaklqana_hippocampus, serial_shops, shop,
          kennysheep_generic_room_14, uniq_maggie
D:8:      layout_gridville, nicolae_elyvilon_peaceful_grove,
          mainiacjoe_overflow_alcove_4, nrook_mini_backslash, uniq_gastronok
D:9:      layout_roguey, fiery_altar_vehumet, kennysheep_mini,
          gammafunk_ghost_spectres, uniq_erolcha
D:10:     layout_cave_pools, mainiacjoe_overflow_tiny_flanked, uniq_sonja,
          uniq_harold, uniq_snorg
D:11:     minmay_opposing_rooms, layout_loops_ring, david_lair_shrubbed,
          orc_0_dummy, serial_shops, nicolae_inconvenience_store,
          hangedman_tell_no_tales
D:12:     layout_basic, minmay_quadrilaterals
D:13:     layout_basic, david_vaults_3, nicolae_trove_entry_crossroad,
          gammafunk_ghost_abyssal_escape, uniq_nessos
D:14:     layout_loops_ring, hangedman_glass_teeth, uniq_azrael, uniq_frances,
          uniq_rupert
D:15:     hangedman_depths_entry_civil_slaughter, layout_cave_pools,
          bh_walls_and_bars, minmay_fountain_box, grunt_ministairs_12,
          minmay_misc_feat_iff, uniq_josephine
Temple:   hc_temple_tempest_star
Lair:1:   layout_cave_pods, basic_altar, nzn_sisyphean_effort
Lair:2:   layout_layer_cave, grunt_megastairs_4
Lair:3:   layout_hall_layers, dummy_spider_entry, infiniplex_staircase_pool_2,
          grunt_megastairs_2
Lair:4:   layout_loops_ring, nicolae_swamp_entry_splash_gauntlet,
          enter_volcano_2, lemuel_fruit_tree
Lair:5:   layout_cave_pods, slime_altar_2, special_room
          [special_room_mythical_zoo], st_stairs_6, hangedman_lair_generics_rect
Lair:6:   hellmonk_lair_end_abyssal_woods, layout_loops_ring
Spider:1: layout_spider_delve, drop_trap
Spider:2: layout_spider_delve, special_room [special_room_bee], uniq_nikola
Spider:3: layout_spider_delve, uniq_roxanne, uniq_donald, uniq_arachne,
          uniq_kirke
Spider:4: grunt_spider_rune_circles, special_room,
          portal_ice_cave_entry_ugly_swarm
Orc:1:    layout_diamond_mine, serial_shops, shop
Orc:2:    grunt_orc_community_town_hall, layout_diamond_mine,
          grunt_orc_community_big_house_2, grunt_orc_community_big_house_2,
          grunt_orc_community_house_2, grunt_orc_community_house_1,
          grunt_orc_community_house_2, grunt_orc_community_house_2,
          grunt_orc_community_house_3, ebering_ghost_reflecting_pool,
          nicolae_shop_self_help

Notes
Turn   | Place    | Note
-------+----------+-------------------------------------------
     0 | D:1      | sanka the Gnoll Cinder Acolyte began the quest for the Orb.
     0 | D:1      | Reached XP level 1. HP: 23/23 MP: 4/4
   121 | D:1      | Reached XP level 2. HP: 10/29 MP: 5/5
   859 | D:2      | Learned a level 2 spell: Scorch
  1044 | D:1      | Reached XP level 3. HP: 32/35 MP: 7/7
  1342 | D:2      | Reached skill level 1 in Invocations
  1351 | D:2      | Reached skill level 1 in Short Blades
  1351 | D:2      | Reached skill level 1 in Long Blades
  1351 | D:2      | Reached skill level 1 in Axes
  1351 | D:2      | Reached skill level 1 in Polearms
  1351 | D:2      | Reached skill level 1 in Staves
  1351 | D:2      | Reached skill level 1 in Slings
  1351 | D:2      | Reached skill level 1 in Bows
  1351 | D:2      | Reached skill level 1 in Crossbows
  1351 | D:2      | Reached skill level 1 in Throwing
  1351 | D:2      | Reached skill level 1 in Armour
  1351 | D:2      | Reached skill level 1 in Dodging
  1351 | D:2      | Reached skill level 1 in Stealth
  1351 | D:2      | Reached skill level 1 in Shields
  1351 | D:2      | Reached skill level 1 in Unarmed Combat
  1351 | D:2      | Reached skill level 1 in Evocations
  1390 | D:1      | Reached XP level 4. HP: 21/41 MP: 0/8
  1579 | D:1      | Reached skill level 3 in Spellcasting
  2074 | D:2      | Reached skill level 1 in Conjurations
  2074 | D:2      | Reached skill level 1 in Hexes
  2074 | D:2      | Reached skill level 1 in Summonings
  2074 | D:2      | Reached skill level 1 in Necromancy
  2074 | D:2      | Reached skill level 1 in Translocations
  2074 | D:2      | Reached skill level 1 in Transmutations
  2074 | D:2      | Reached skill level 1 in Ice Magic
  2074 | D:2      | Reached skill level 1 in Air Magic
  2074 | D:2      | Reached skill level 1 in Earth Magic
  2074 | D:2      | Reached skill level 1 in Poison Magic
  2595 | D:2      | Reached XP level 5. HP: 47/47 MP: 4/9
  2985 | D:3      | Found a broken altar of Ashenzari.
  3058 | D:3      | Noticed Ijyb
  3076 | D:3      | Killed Ijyb
  3207 | D:3      | Found a faded altar of an unknown god.
  3209 | D:3      | Noticed an ice beast
  3232 | D:3      | Killed an ice beast
  3233 | D:3      | Reached skill level 2 in Invocations
  3233 | D:3      | Reached XP level 6. HP: 45/53 MP: 1/10
  3597 | D:3      | Found Fitepn's Weapon Shop.
  3933 | D:4      | Reached skill level 2 in Short Blades
  3933 | D:4      | Reached skill level 2 in Long Blades
  3933 | D:4      | Reached skill level 2 in Axes
  3933 | D:4      | Reached skill level 2 in Polearms
  3933 | D:4      | Reached skill level 2 in Staves
  3933 | D:4      | Reached skill level 2 in Slings
  3933 | D:4      | Reached skill level 2 in Bows
  3933 | D:4      | Reached skill level 2 in Crossbows
  3933 | D:4      | Reached skill level 2 in Throwing
  3933 | D:4      | Reached skill level 2 in Armour
  3933 | D:4      | Reached skill level 2 in Dodging
  3933 | D:4      | Reached skill level 2 in Stealth
  3933 | D:4      | Reached skill level 2 in Shields
  3933 | D:4      | Reached skill level 2 in Unarmed Combat
  3933 | D:4      | Reached skill level 2 in Evocations
  4100 | D:4      | Found a sparkling altar of Nemelex Xobeh.
  4100 | D:4      | Noticed Sigmund
  4107 | D:4      | Killed Sigmund
  4108 | D:4      | Reached skill level 7 in Fighting
  4108 | D:4      | Reached skill level 7 in Maces & Flails
  4108 | D:4      | Reached XP level 7. HP: 60/60 MP: 5/12
  4196 | D:4      | Reached skill level 2 in Conjurations
  4196 | D:4      | Reached skill level 2 in Hexes
  4196 | D:4      | Reached skill level 2 in Summonings
  4196 | D:4      | Reached skill level 2 in Necromancy
  4196 | D:4      | Reached skill level 2 in Translocations
  4196 | D:4      | Reached skill level 2 in Transmutations
  4196 | D:4      | Reached skill level 2 in Ice Magic
  4196 | D:4      | Reached skill level 2 in Air Magic
  4196 | D:4      | Reached skill level 2 in Earth Magic
  4196 | D:4      | Reached skill level 2 in Poison Magic
  4675 | D:4      | Found a shimmering altar of Xom.
  5121 | D:5      | Entered Level 5 of the Dungeon
  5300 | D:5      | Reached skill level 3 in Invocations
  5339 | D:5      | Reached skill level 4 in Spellcasting
  5652 | D:5      | Found a glowing drain.
  5723 | Sewer    | Entered a sewer
  5853 | Sewer    | Reached skill level 6 in Fire Magic
  5853 | Sewer    | Reached XP level 8. HP: 67/67 MP: 9/14
  6287 | Sewer    | Reached skill level 3 in Short Blades
  6287 | Sewer    | Reached skill level 3 in Long Blades
  6287 | Sewer    | Reached skill level 3 in Axes
  6287 | Sewer    | Reached skill level 3 in Polearms
  6287 | Sewer    | Reached skill level 3 in Staves
  6287 | Sewer    | Reached skill level 3 in Slings
  6287 | Sewer    | Reached skill level 3 in Bows
  6287 | Sewer    | Reached skill level 3 in Crossbows
  6287 | Sewer    | Reached skill level 3 in Throwing
  6287 | Sewer    | Reached skill level 3 in Armour
  6287 | Sewer    | Reached skill level 3 in Dodging
  6287 | Sewer    | Reached skill level 3 in Stealth
  6287 | Sewer    | Reached skill level 3 in Shields
  6287 | Sewer    | Reached skill level 3 in Unarmed Combat
  6287 | Sewer    | Reached skill level 3 in Evocations
  7169 | D:5      | Learned a level 3 spell: Conjure Flame
  7174 | D:5      | Learned a level 4 spell: Sticky Flame
  7365 | D:5      | Found a staircase to the Ecumenical Temple.
  7733 | Temple   | Entered the Ecumenical Temple
  8087 | D:6      | Noticed a yak
  8104 | D:6      | Killed a yak
  8105 | D:6      | Reached skill level 4 in Invocations
  8113 | D:6      | Reached skill level 3 in Conjurations
  8113 | D:6      | Reached skill level 3 in Hexes
  8113 | D:6      | Reached skill level 3 in Summonings
  8113 | D:6      | Reached skill level 3 in Necromancy
  8113 | D:6      | Reached skill level 3 in Translocations
  8113 | D:6      | Reached skill level 3 in Transmutations
  8113 | D:6      | Reached skill level 3 in Ice Magic
  8113 | D:6      | Reached skill level 3 in Air Magic
  8113 | D:6      | Reached skill level 3 in Earth Magic
  8113 | D:6      | Reached skill level 3 in Poison Magic
  8535 | D:6      | Got the Incunabulum of the Voyage and Ignition
  8660 | D:6      | Noticed Prince Ribbit
  8662 | D:6      | Reached XP level 9. HP: 73/73 MP: 7/16
  8667 | D:6      | Killed Prince Ribbit
  8668 | D:6      | Reached skill level 4 in Short Blades
  8668 | D:6      | Reached skill level 4 in Long Blades
  8668 | D:6      | Reached skill level 4 in Axes
  8668 | D:6      | Reached skill level 4 in Polearms
  8668 | D:6      | Reached skill level 4 in Staves
  8668 | D:6      | Reached skill level 4 in Slings
  8668 | D:6      | Reached skill level 4 in Bows
  8668 | D:6      | Reached skill level 4 in Crossbows
  8668 | D:6      | Reached skill level 4 in Throwing
  8668 | D:6      | Reached skill level 4 in Armour
  8668 | D:6      | Reached skill level 4 in Dodging
  8668 | D:6      | Reached skill level 4 in Stealth
  8668 | D:6      | Reached skill level 4 in Shields
  8668 | D:6      | Reached skill level 4 in Unarmed Combat
  8668 | D:6      | Reached skill level 4 in Evocations
  8776 | D:6      | Learned a level 2 spell: Passwall
  8780 | D:6      | Learned a level 3 spell: Swiftness
  9194 | D:6      | Reached skill level 5 in Spellcasting
  9361 | D:7      | Found an ancient bone altar of Kikubaaqudgha.
  9668 | D:7      | Identified +0 steam dragon scales
  9668 | D:7      | Noticed Maggie
  9682 | D:7      | Killed Maggie
  9683 | D:7      | Reached skill level 8 in Fighting
  9683 | D:7      | Reached skill level 8 in Maces & Flails
  9897 | D:7      | Reached skill level 5 in Invocations
 10186 | D:7      | Found Joffo's Magic Scroll Emporium.
 10191 | D:7      | Bought a scroll of identify for 28 gold pieces
 10191 | D:7      | Bought a scroll of enchant armour for 105 gold pieces
 10191 | D:7      | Bought a scroll of teleportation for 42 gold pieces
 10191 | D:7      | Bought a scroll of amnesia for 49 gold pieces
 10191 | D:7      | Bought a scroll of vulnerability for 105 gold pieces
 10228 | D:7      | Found a hazy altar of Hepliaklqana.
 10770 | D:8      | Reached XP level 10. HP: 79/80 MP: 2/18
 10771 | D:8      | Reached skill level 4 in Conjurations
 10771 | D:8      | Reached skill level 4 in Hexes
 10771 | D:8      | Reached skill level 4 in Summonings
 10771 | D:8      | Reached skill level 4 in Necromancy
 10771 | D:8      | Reached skill level 4 in Translocations
 10771 | D:8      | Reached skill level 4 in Transmutations
 10771 | D:8      | Reached skill level 4 in Ice Magic
 10771 | D:8      | Reached skill level 4 in Air Magic
 10771 | D:8      | Reached skill level 4 in Earth Magic
 10771 | D:8      | Reached skill level 4 in Poison Magic
 11141 | D:8      | Found a white marble altar of Elyvilon.
 11251 | D:8      | Reached skill level 5 in Short Blades
 11251 | D:8      | Reached skill level 5 in Long Blades
 11251 | D:8      | Reached skill level 5 in Axes
 11251 | D:8      | Reached skill level 5 in Polearms
 11251 | D:8      | Reached skill level 5 in Staves
 11251 | D:8      | Reached skill level 5 in Slings
 11251 | D:8      | Reached skill level 5 in Bows
 11251 | D:8      | Reached skill level 5 in Crossbows
 11251 | D:8      | Reached skill level 5 in Throwing
 11251 | D:8      | Reached skill level 5 in Armour
 11251 | D:8      | Reached skill level 5 in Dodging
 11251 | D:8      | Reached skill level 5 in Stealth
 11251 | D:8      | Reached skill level 5 in Shields
 11251 | D:8      | Reached skill level 5 in Unarmed Combat
 11251 | D:8      | Reached skill level 5 in Evocations
 11315 | D:8      | Noticed Gastronok
 11335 | D:8      | Killed Gastronok
 11336 | D:8      | Reached skill level 6 in Spellcasting
 11336 | D:8      | Reached skill level 7 in Fire Magic
 11406 | D:8      | Found a bloodstained altar of Trog.
 12160 | D:9      | Found a stormy altar of Qazlal.
 12215 | D:9      | Found a runed translucent gate.
 12215 | D:9      | Found a runed translucent gate.
 12216 | D:9      | Found a runed translucent gate.
 12247 | D:9      | Reached skill level 6 in Invocations
 12358 | D:9      | Found a radiant altar of Vehumet.
 12392 | D:9      | Noticed Erolcha
 12401 | D:9      | Killed Erolcha
 12697 | D:9      | Noticed Koffer's ghost (novice DsBe)
 12726 | D:9      | Identified the +6 spear of Indomitability {spect, Stlth+}
 12940 | D:10     | Entered Level 10 of the Dungeon
 12941 | D:10     | Noticed Harold
 12959 | D:10     | Killed Harold
 12960 | D:10     | Reached XP level 11. HP: 37/87 MP: 6/20
 13269 | D:9      | Reached skill level 9 in Fighting
 13269 | D:9      | Reached skill level 6 in Short Blades
 13269 | D:9      | Reached skill level 6 in Long Blades
 13269 | D:9      | Reached skill level 6 in Axes
 13269 | D:9      | Reached skill level 9 in Maces & Flails
 13269 | D:9      | Reached skill level 6 in Polearms
 13269 | D:9      | Reached skill level 6 in Staves
 13269 | D:9      | Reached skill level 6 in Slings
 13269 | D:9      | Reached skill level 6 in Bows
 13269 | D:9      | Reached skill level 6 in Crossbows
 13269 | D:9      | Reached skill level 6 in Throwing
 13269 | D:9      | Reached skill level 6 in Armour
 13269 | D:9      | Reached skill level 6 in Dodging
 13269 | D:9      | Reached skill level 6 in Stealth
 13269 | D:9      | Reached skill level 6 in Shields
 13269 | D:9      | Reached skill level 6 in Unarmed Combat
 13269 | D:9      | Reached skill level 6 in Evocations
 13363 | D:9      | Reached skill level 5 in Conjurations
 13363 | D:9      | Reached skill level 5 in Hexes
 13363 | D:9      | Reached skill level 5 in Summonings
 13363 | D:9      | Reached skill level 5 in Necromancy
 13363 | D:9      | Reached skill level 5 in Translocations
 13363 | D:9      | Reached skill level 5 in Transmutations
 13363 | D:9      | Reached skill level 5 in Ice Magic
 13363 | D:9      | Reached skill level 5 in Air Magic
 13363 | D:9      | Reached skill level 5 in Earth Magic
 13363 | D:9      | Reached skill level 5 in Poison Magic
 13864 | D:10     | Noticed Snorg
 13953 | D:10     | Killed Snorg
 13958 | D:10     | Reached skill level 7 in Spellcasting
 14169 | D:10     | Found a sacrificial altar of Ru.
 14197 | D:10     | Reached skill level 7 in Invocations
 14482 | D:10     | Noticed Sonja
 14490 | D:10     | Killed Sonja
 14860 | D:11     | Found Ublocis's Book Shop.
 14860 | D:11     | Noticed a seven-headed hydra
 14876 | D:11     | Killed a seven-headed hydra
 15105 | D:11     | Noticed a red ugly thing
 15128 | D:11     | Killed a red ugly thing
 15129 | D:11     | Reached skill level 8 in Fire Magic
 15129 | D:11     | Reached XP level 12. HP: 72/96 MP: 8/23
 15355 | D:11     | Noticed a tengu warrior
 15364 | D:11     | Killed a tengu warrior
 15365 | D:11     | Reached skill level 7 in Short Blades
 15365 | D:11     | Reached skill level 7 in Long Blades
 15365 | D:11     | Reached skill level 7 in Axes
 15365 | D:11     | Reached skill level 7 in Polearms
 15365 | D:11     | Reached skill level 7 in Staves
 15365 | D:11     | Reached skill level 7 in Slings
 15365 | D:11     | Reached skill level 7 in Bows
 15365 | D:11     | Reached skill level 7 in Crossbows
 15365 | D:11     | Reached skill level 7 in Throwing
 15365 | D:11     | Reached skill level 7 in Armour
 15365 | D:11     | Reached skill level 7 in Dodging
 15365 | D:11     | Reached skill level 7 in Stealth
 15365 | D:11     | Reached skill level 7 in Shields
 15365 | D:11     | Reached skill level 7 in Unarmed Combat
 15365 | D:11     | Reached skill level 7 in Evocations
 15649 | D:11     | Noticed a boulder beetle
 15719 | D:11     | Killed a boulder beetle
 15880 | D:11     | Found a staircase to the Orcish Mines.
 15893 | D:11     | Reached skill level 6 in Conjurations
 15893 | D:11     | Reached skill level 6 in Hexes
 15893 | D:11     | Reached skill level 6 in Summonings
 15893 | D:11     | Reached skill level 6 in Necromancy
 15893 | D:11     | Reached skill level 6 in Translocations
 15893 | D:11     | Reached skill level 6 in Transmutations
 15893 | D:11     | Reached skill level 6 in Ice Magic
 15893 | D:11     | Reached skill level 6 in Air Magic
 15893 | D:11     | Reached skill level 6 in Earth Magic
 15893 | D:11     | Reached skill level 6 in Poison Magic
 15925 | D:11     | Reached skill level 8 in Invocations
 16019 | D:11     | Found a staircase to the Lair.
 16133 | D:11     | Reached skill level 8 in Spellcasting
 16215 | D:11     | Reached skill level 10 in Fighting
 16215 | D:11     | Reached skill level 10 in Maces & Flails
 16621 | Lair:1   | Entered Level 1 of the Lair of Beasts
 16821 | Lair:1   | Identified a scroll of acquirement
 17025 | Lair:1   | Noticed a boulder beetle
 17041 | Lair:1   | Killed a boulder beetle
 17363 | Lair:1   | Found a sparkling altar of Nemelex Xobeh.
 17439 | Lair:1   | Noticed an eight-headed hydra
 17452 | Lair:1   | Killed an eight-headed hydra
 17453 | Lair:1   | Reached XP level 13. HP: 83/103 MP: 17/25
 17851 | Lair:1   | Reached skill level 8 in Short Blades
 17851 | Lair:1   | Reached skill level 8 in Long Blades
 17851 | Lair:1   | Reached skill level 8 in Axes
 17851 | Lair:1   | Reached skill level 8 in Polearms
 17851 | Lair:1   | Reached skill level 8 in Staves
 17851 | Lair:1   | Reached skill level 8 in Slings
 17851 | Lair:1   | Reached skill level 8 in Bows
 17851 | Lair:1   | Reached skill level 8 in Crossbows
 17851 | Lair:1   | Reached skill level 8 in Throwing
 17851 | Lair:1   | Reached skill level 8 in Armour
 17851 | Lair:1   | Reached skill level 8 in Dodging
 17851 | Lair:1   | Reached skill level 8 in Stealth
 17851 | Lair:1   | Reached skill level 8 in Shields
 17851 | Lair:1   | Reached skill level 8 in Unarmed Combat
 17851 | Lair:1   | Reached skill level 8 in Evocations
 18819 | Lair:2   | Reached skill level 9 in Invocations
 19785 | Lair:3   | Found a hole to the Spider Nest.
 20112 | Lair:3   | Reached skill level 7 in Conjurations
 20112 | Lair:3   | Reached skill level 7 in Hexes
 20112 | Lair:3   | Reached skill level 7 in Summonings
 20112 | Lair:3   | Reached skill level 7 in Necromancy
 20112 | Lair:3   | Reached skill level 7 in Translocations
 20112 | Lair:3   | Reached skill level 7 in Transmutations
 20112 | Lair:3   | Reached skill level 9 in Fire Magic
 20112 | Lair:3   | Reached skill level 7 in Ice Magic
 20112 | Lair:3   | Reached skill level 7 in Air Magic
 20112 | Lair:3   | Reached skill level 7 in Earth Magic
 20112 | Lair:3   | Reached skill level 7 in Poison Magic
 20285 | Lair:3   | Identified the ring "Maget" {rPois rF+ Will+ Int-3}
 20711 | Lair:4   | Reached skill level 9 in Spellcasting
 20996 | Lair:4   | Found a dark tunnel.
 21007 | Volcano  | Entered a volcano
 21178 | Volcano  | Noticed a red draconian
 21192 | Volcano  | Killed a red draconian
 21194 | Volcano  | Reached skill level 11 in Fighting
 21194 | Volcano  | Reached skill level 11 in Maces & Flails
 21195 | Volcano  | Reached XP level 14. HP: 38/113 MP: 12/27
 21317 | Volcano  | Found a bloodstained altar of Trog.
 21341 | Volcano  | Found a burning altar of Makhleb.
 21658 | Lair:4   | Found a staircase to the Swamp.
 21665 | Lair:4   | Reached skill level 9 in Short Blades
 21665 | Lair:4   | Reached skill level 9 in Long Blades
 21665 | Lair:4   | Reached skill level 9 in Axes
 21665 | Lair:4   | Reached skill level 9 in Polearms
 21665 | Lair:4   | Reached skill level 9 in Staves
 21665 | Lair:4   | Reached skill level 9 in Slings
 21665 | Lair:4   | Reached skill level 9 in Bows
 21665 | Lair:4   | Reached skill level 9 in Crossbows
 21665 | Lair:4   | Reached skill level 9 in Throwing
 21665 | Lair:4   | Reached skill level 9 in Armour
 21665 | Lair:4   | Reached skill level 9 in Dodging
 21665 | Lair:4   | Reached skill level 9 in Stealth
 21665 | Lair:4   | Reached skill level 9 in Shields
 21665 | Lair:4   | Reached skill level 9 in Unarmed Combat
 21665 | Lair:4   | Reached skill level 9 in Evocations
 22230 | Lair:5   | Reached skill level 10 in Invocations
 23246 | Lair:5   | Found a runed translucent door.
 23246 | Lair:5   | Found a viscous altar of Jiyva.
 23246 | Lair:5   | Noticed an acid blob
 23247 | Lair:5   | Found a staircase to the Slime Pits.
 23247 | Lair:5   | Noticed an acid blob
 24085 | Lair:6   | Entered Level 6 of the Lair of Beasts
 24227 | Lair:6   | Identified the ring "Josat" {rF+ Stlth+}
 24238 | Lair:6   | Learned a level 3 spell: Frozen Ramparts
 24270 | Lair:6   | Learned a level 5 spell: Borgnjor's Vile Clutch
 24286 | Lair:6   | Reached skill level 10 in Spellcasting
 24319 | Lair:6   | Reached skill level 8 in Conjurations
 24319 | Lair:6   | Reached skill level 8 in Hexes
 24319 | Lair:6   | Reached skill level 8 in Summonings
 24319 | Lair:6   | Reached skill level 8 in Necromancy
 24319 | Lair:6   | Reached skill level 8 in Translocations
 24319 | Lair:6   | Reached skill level 8 in Transmutations
 24319 | Lair:6   | Reached skill level 8 in Ice Magic
 24319 | Lair:6   | Reached skill level 8 in Air Magic
 24319 | Lair:6   | Reached skill level 8 in Earth Magic
 24319 | Lair:6   | Reached skill level 8 in Poison Magic
 25032 | Lair:6   | Reached XP level 15. HP: 113/120 MP: 23/29
 25321 | Lair:6   | Reached skill level 10 in Fire Magic
 25697 | Lair:6   | Found a corrupted altar of Lugonu.
 25697 | Lair:6   | Found a one-way gate to the infinite horrors of the Abyss.
 26049 | Orc:1    | Entered Level 1 of the Orcish Mines
 26093 | Orc:1    | Noticed an orc warlord
 26272 | D:11     | Killed an orc warlord
 26273 | D:11     | Reached skill level 10 in Short Blades
 26273 | D:11     | Reached skill level 10 in Long Blades
 26273 | D:11     | Reached skill level 10 in Axes
 26273 | D:11     | Reached skill level 10 in Polearms
 26273 | D:11     | Reached skill level 10 in Staves
 26273 | D:11     | Reached skill level 10 in Slings
 26273 | D:11     | Reached skill level 10 in Bows
 26273 | D:11     | Reached skill level 10 in Crossbows
 26273 | D:11     | Reached skill level 10 in Throwing
 26273 | D:11     | Reached skill level 10 in Armour
 26273 | D:11     | Reached skill level 10 in Dodging
 26273 | D:11     | Reached skill level 10 in Stealth
 26273 | D:11     | Reached skill level 10 in Shields
 26273 | D:11     | Reached skill level 10 in Unarmed Combat
 26273 | D:11     | Reached skill level 10 in Evocations
 26412 | Orc:1    | Found Isarolis's Armour Shoppe.
 26448 | Orc:1    | Bought a +0 pair of gloves of infusion for 138 gold pieces
 27028 | Orc:2    | Entered Level 2 of the Orcish Mines
 27356 | Orc:2    | Reached skill level 11 in Invocations
 27571 | Orc:2    | Found a runed translucent door.
 27578 | Orc:2    | Noticed ma3's ghost (journeyman HOFi)
 27597 | Orc:2    | Reached skill level 12 in Fighting
 27597 | Orc:2    | Reached skill level 12 in Maces & Flails
 27888 | Orc:2    | Found a staircase to the Elven Halls.
 28406 | Orc:2    | Found Fekif's Book Shop.
 29098 | Orc:2    | Found Tuvi's Weapon Boutique.
 29347 | Orc:2    | Found Rouboduixt's Self-Improvement Boutique.
 29419 | Orc:2    | Noticed Saint Roka
 29589 | Orc:2    | Killed Saint Roka
 29944 | Orc:2    | Found Riam's Antique Weapon Shop.
 29946 | Orc:2    | Found Gogan's Antique Armour Boutique.
 30038 | Orc:2    | Killed ma3's ghost
 30138 | Orc:2    | Learned a level 4 spell: Flame Wave
 30321 | D:9      | Killed Koffer's ghost
 31245 | D:12     | Reached XP level 16. HP: 128/128 MP: 25/30
 31412 | D:12     | Identified +0 acid dragon scales
 31556 | D:12     | Reached skill level 11 in Spellcasting
 32150 | D:13     | Found a gate to the Vaults.
 32151 | D:13     | Noticed Nessos
 32154 | D:13     | Noticed Rupert
 32336 | D:13     | Paralysed by Rupert for 5 turns
 32343 | D:13     | Killed Nessos
 32452 | D:13     | Reached skill level 9 in Conjurations
 32452 | D:13     | Reached skill level 9 in Hexes
 32452 | D:13     | Reached skill level 9 in Summonings
 32452 | D:13     | Reached skill level 9 in Necromancy
 32452 | D:13     | Reached skill level 9 in Translocations
 32452 | D:13     | Reached skill level 9 in Transmutations
 32452 | D:13     | Reached skill level 9 in Ice Magic
 32452 | D:13     | Reached skill level 9 in Air Magic
 32452 | D:13     | Reached skill level 9 in Earth Magic
 32452 | D:13     | Reached skill level 9 in Poison Magic
 32715 | D:13     | Found a transporter.
 32815 | D:13     | Found a transporter.
 32816 | D:13     | Noticed a profane servitor
 32817 | D:13     | Noticed Deplih's ghost (journeyman MiCK)
 32944 | D:13     | Found a portal to a secret trove of treasure.
 33195 | D:13     | Killed Rupert
 33722 | D:14     | HP: 3/129 [death knight (20)]
 33939 | D:14     | Noticed Azrael
 33956 | D:14     | Killed Azrael
 34703 | D:14     | Noticed Frances
 34713 | D:14     | Killed Frances
 34781 | D:14     | Reached skill level 11 in Short Blades
 34781 | D:14     | Reached skill level 11 in Long Blades
 34781 | D:14     | Reached skill level 11 in Axes
 34781 | D:14     | Reached skill level 11 in Polearms
 34781 | D:14     | Reached skill level 11 in Staves
 34781 | D:14     | Reached skill level 11 in Slings
 34781 | D:14     | Reached skill level 11 in Bows
 34781 | D:14     | Reached skill level 11 in Crossbows
 34781 | D:14     | Reached skill level 11 in Throwing
 34781 | D:14     | Reached skill level 11 in Armour
 34781 | D:14     | Reached skill level 11 in Dodging
 34781 | D:14     | Reached skill level 11 in Stealth
 34781 | D:14     | Reached skill level 11 in Shields
 34781 | D:14     | Reached skill level 11 in Unarmed Combat
 34781 | D:14     | Reached skill level 11 in Evocations
 34794 | D:14     | Identified 2 potions of resistance
 35224 | D:15     | Entered Level 15 of the Dungeon
 35422 | D:14     | Reached skill level 12 in Invocations
 36206 | D:15     | Noticed Josephine
 36608 | D:15     | Killed Josephine
 37350 | D:15     | Found a staircase to the Depths.
 37828 | D:15     | Found a staircase to the Depths.
 38264 | Spider:1 | Entered Level 1 of the Spider Nest
 38271 | Spider:1 | Reached skill level 11 in Fire Magic
 38396 | Lair:3   | HP: 11/116 [poisoned by a wolf spider]
 38401 | Lair:3   | HP: 8/116 [poisoned by a wolf spider]
 38513 | Lair:3   | Reached skill level 13 in Fighting
 38513 | Lair:3   | Reached skill level 13 in Maces & Flails
 38826 | Spider:1 | Reached XP level 17. HP: 123/127 MP: 13/32
 39370 | Spider:2 | HP: 10/136 [something (9)]
 39376 | Spider:2 | HP: 13/136 [something (15)]
 39775 | Spider:2 | Noticed Nikola
 40023 | Spider:2 | Killed Nikola
 40287 | Spider:1 | Reached skill level 12 in Spellcasting
 40316 | Spider:1 | HP: 5/137 [boulder beetle (36)]
 40324 | Lair:3   | HP: 10/137 [demonic crawler (4)]
 40639 | Spider:1 | Got the Papyrus of the Displaced Glacier
 41303 | Spider:1 | Identified a +2 robe of resistance
 41568 | Spider:2 | Reached skill level 10 in Conjurations
 41568 | Spider:2 | Reached skill level 10 in Hexes
 41568 | Spider:2 | Reached skill level 10 in Summonings
 41568 | Spider:2 | Reached skill level 10 in Necromancy
 41568 | Spider:2 | Reached skill level 10 in Translocations
 41568 | Spider:2 | Reached skill level 10 in Transmutations
 41568 | Spider:2 | Reached skill level 10 in Ice Magic
 41568 | Spider:2 | Reached skill level 10 in Air Magic
 41568 | Spider:2 | Reached skill level 10 in Earth Magic
 41568 | Spider:2 | Reached skill level 10 in Poison Magic
 41986 | Spider:3 | Noticed Kirke
 41990 | Spider:2 | HP: 12/137 [wolf spider (4)]
 42402 | Spider:3 | Noticed Roxanne
 42750 | Spider:3 | Noticed Arachne
 42942 | Spider:3 | HP: 8/137 [Arachne (12)]
 42944 | Spider:3 | Killed Arachne
 43074 | Spider:3 | Reached skill level 13 in Invocations
 43102 | Spider:3 | Reached skill level 12 in Short Blades
 43102 | Spider:3 | Reached skill level 12 in Long Blades
 43102 | Spider:3 | Reached skill level 12 in Axes
 43102 | Spider:3 | Reached skill level 12 in Polearms
 43102 | Spider:3 | Reached skill level 12 in Staves
 43102 | Spider:3 | Reached skill level 12 in Slings
 43102 | Spider:3 | Reached skill level 12 in Bows
 43102 | Spider:3 | Reached skill level 12 in Crossbows
 43102 | Spider:3 | Reached skill level 12 in Throwing
 43102 | Spider:3 | Reached skill level 12 in Armour
 43102 | Spider:3 | Reached skill level 12 in Dodging
 43102 | Spider:3 | Reached skill level 12 in Stealth
 43102 | Spider:3 | Reached skill level 12 in Shields
 43102 | Spider:3 | Reached skill level 12 in Unarmed Combat
 43102 | Spider:3 | Reached skill level 12 in Evocations
 43484 | D:9      | Fell from the grace of Ignis
 43484 | D:9      | Became a worshipper of Vehumet
 43741 | Spider:2 | HP: 12/137 [redback (9)]
 44266 | Spider:3 | Noticed Donald
 44308 | Spider:2 | Killed Kirke
 44396 | Spider:3 | Killed Donald
 44397 | Spider:3 | Reached XP level 18. HP: 109/144 MP: 23/34
 44842 | Spider:4 | Entered Level 4 of the Spider Nest
 44849 | Spider:4 | Reached * piety under Vehumet
 44849 | Spider:4 | Offered knowledge of Shock by Vehumet.
 44897 | Spider:4 | HP: 13/145 [entropy weaver (4)]
 44897 | Spider:4 | HP: 1/145 [entropy weaver (12)]
 44898 | Spider:4 | Slain by an entropy weaver

Vanquished Creatures
  Saint Roka (Orc:2)
  Nikola (Spider:2)
  Arachne (Spider:3)
  Rupert (D:13)
  Frances (D:14)
  Kirke (Spider:2)
  Gastronok (D:8)
  Donald (Spider:3)
  2 ghost moths (Spider:2)
  An orc warlord (D:11)
  2 emperor scorpions
  4 broodmothers
  The ghost of ma3 the Severer, a journeyman HOFi of Beogh (Orc:2)
  3 entropy weavers
  A red draconian (Volcano)
  Azrael (D:14)
  An ettin (D:14)
  Snorg (D:10)
  A fire dragon (D:13)
  Josephine (D:15)
  Erolcha (D:9)
  14 hydras
  Harold (D:10)
  10 boulder beetles
  2 jorogumos
  A catoblepas (Lair:5)
  An ogre mage (Volcano)
  2 radroaches (Spider:1)
  8 two-headed ogres
  A death knight (D:14)
  2 centaur warriors
  2 death yaks (Lair:5)
  The ghost of Koffer the Skirmisher, a novice DsBe of Trog (D:9)
  7 tengu warriors
  3 orc high priests
  3 thrashing horrors (Lair:6)
  Sonja (D:10)
  7 pharaoh ants
  A sun moth (Spider:1)
  A steelbarb worm (Spider:2)
  6 orb spiders
  A deep troll (D:14)
  2 bog bodies (Lair:4)
  2 necromancers (D:15)
  3 deep elf pyromancers
  5 orc knights
  8 orc sorcerers
  8 ugly things
  18 wolf spiders
  7 cyclopes
  5 manticores
  7 black mambas
  4 elephants (Lair:5)
  A black mamba (shapeshifter) (D:14)
  An unseen horror (D:11)
  3 torpor snails
  10 cane toads
  2 smoke demons (Lair:6)
  2 gargoyles (D:11)
  5 rime drakes
  Maggie (D:7)
  6 komodo dragons
  4 demonic crawlers
  A yaktaur (shapeshifter) (Lair:6)
  2 kobold demonologists
  3 yaktaurs (D:15)
  2 tengu conjurers
  3 ancient zymes (Lair:6)
  5 freezing wraiths
  A queen bee (Spider:2)
  9 meliai
  7 trolls
  A troll (shapeshifter) (Lair:6)
  16 tarantellas
  A hornet (Lair:3)
  20 slime creatures
  Prince Ribbit (D:6)
  24 blink frogs
  6 polar bears
  14 jumping spiders
  Sigmund (D:4)
  16 humans
  A spriggan (shapeshifter) (Lair:6)
  2 spriggans (Lair:6)
  16 culicivoras
  3 shadows
  2 vampires
  A ynoxinul (Lair:6)
  65 yaks
  7 wraiths
  8 fire elementals
  9 wyverns
  5 fire bats (Volcano)
  13 basilisks
  52 redbacks
  A steam dragon (D:7)
  7 vampire mosquitoes
  11 small abominations (Lair:6)
  4 wargs
  3 large abominations (Lair:6)
  3 hell hounds (D:14)
  2 acid dragons
  3 swamp worms (Lair:4)
  20 water moccasins
  47 orc warriors
  A necrophage (D:6)
  6 ogres
  A sky beast (D:7)
  2 black bears
  5 boggarts
  An ice beast (D:3)
  6 wolves (Lair:1)
  3 centaurs
  5 kobold brigands (Sewer)
  8 bullfrogs
  A water moccasin skeleton (D:4)
  29 killer bees
  8 wights (D:10)
  4 howler monkeys
  6 spriggan skeletons (D:11)
  A troll skeleton (D:11)
  3 electric eels
  5 lava snakes (Volcano)
  A jelly (D:8)
  3 centaur skeletons
  8 centaur zombies
  3 hounds
  25 orc priests
  A gnoll shaman (D:6)
  An iguana (D:5)
  Ijyb (D:3)
  39 orc wizards
  16 hell rats
  8 gnolls
  12 adders
  3 river rats
  A white imp (D:7)
  An ufetubus (D:4)
  8 worms
  4 dart slugs
  122 orcs
  4 endoplasms
  2 giant cockroaches
  3 hobgoblins
  6 jackals (D:1)
  3 quokkas
  11 ball pythons
  13 bats
  3 frilled lizards (D:2)
  5 goblins
  9 kobolds
  9 rats
1045 creatures vanquished.

Vanquished Creatures (others)
  Nessos (D:13)
  A demonic crawler (Spider:2)
  A tarantella (Spider:2)
  2 humans (Spider:3)
  A killer bee (Spider:2)
  A hound skeleton (D:5)
  An adder (D:6)
  4 orcs
  A bush (Lair:3)
  74 foxfires
  15 fungi
  44 plants
146 creatures vanquished.

Grand Total: 1191 creatures vanquished
